 Dungeon Crawl Stone Soup version 0.32-a0-986-ga09f62fbf4 (webtiles) character file.

Game seed: 13202269768208397400

180 LadyBoffin the Shield-Bearer (level 5, -16/43 HPs)
             Began as a Formicid Fighter on Apr 21, 2024.
             Demolished by an ogre
             ... wielding a +0 giant spiked club
              (26 damage)
             ... on level 4 of the Dungeon.
             The game lasted 00:03:23 (2437 turns).

LadyBoffin the Shield-Bearer (Formicid Fighter)     Turns: 2437, Time: 00:03:23

Health: -16/43     AC:  7    Str: 23    XL:     5   Next: 91%
Magic:  5/5        EV:  8    Int:  7    God:
Gold:   172        SH:  5    Dex: 13    Spells: 4/4 levels left

rFire   . . .        a - +2 long sword
rCold   . . .        c - +0 buckler
rNeg    . . .        b - +0 scale mail
rPois   .            (helmet unavailable)
rElec   .            (no cloak)
rCorr   +            (no gloves)
SInv    +            (no boots)
Will    .....        e - amulet of faith Stlth
                     k - ring of resist corrosion
HPRegen 0.27/turn    h - ring of flight
MPRegen 0.09/turn

%: faith
@: flying
A: permanent stasis, dig shafts and tunnels, antennae 3, four strong arms
a: Dig, Shaft Self


You were on level 4 of the Dungeon.
You visited 1 branch of the dungeon, and saw 4 of its levels.

You collected 172 gold pieces.

Inventory:

Hand Weapons
 a - a +2 long sword (weapon)
Armour
 b - a +0 scale mail (worn)
 c - a +0 buckler (worn)
Jewellery
 e - an amulet of faith (around neck)
 h - a ring of flight (right hand)
 k - a ring of resist corrosion (left hand)
 m - an amulet of reflection
Potions
 f - 2 potions of lignification {unknown}
 g - 2 potions of mutation
 i - a potion of enlightenment {unknown}
 j - a potion of heal wounds {unknown}
 l - a potion of brilliance {unknown}


   Skills:
 + Level 4.3 Fighting
 + Level 3.2 Long Blades
 + Level 4.4 Armour
 + Level 5.2 Shields


You had 4 spell levels left.
You didn't know any spells.
Your spell library contained the following spells:

 Spells                   Type           Power      Damage    Failure   Level
 Apportation              Tloc           0%         N/A       80%         1
 Necrotise                Necr           0%         1d4       80%         1
 Sting                    Conj/Alch      0%         1d3       80%         1
 Summon Small Mammal      Summ           0%         N/A       80%         1
 Summon Forest            Summ/Tloc      0%         N/A       100%        5
 Summon Mana Viper        Hex/Summ       0%         N/A       100%        5
 Summon Cactus Giant      Summ           0%         N/A       100%        6


Dungeon Overview and Level Annotations

Branches:
Dungeon (4/15)
 Temple: D:4-7

Altars:
Elyvilon
Fedhas
Qazlal


Innate Abilities, Weirdness & Mutations

You cannot be hasted, slowed, berserked, paralysed or teleported.
You can dig through walls and to a lower floor.
You have a pair of large antennae on your head. (SInv)
Your four strong arms can wield two-handed weapons with a shield.


Message History

The iguana is almost dead.
You block the iguana's attack.
You slash the iguana!
You kill the iguana!
HP restored.
You see here an iguana corpse.
There is a stone staircase leading up here.
An ogre comes into view. It is wielding a +0 giant spiked club.
An ogre is nearby!
The ogre shouts!
You hit the ogre.
The ogre is lightly wounded.
The ogre hits you with a +0 giant spiked club!
You hit the ogre but do no damage.
The ogre is lightly wounded.
You block the ogre's attack.
You closely miss the ogre.
The ogre is lightly wounded.
You slash the ogre!
The ogre is moderately wounded.
The ogre hits you with a +0 giant spiked club!!
Ouch! That really hurt!
* * * LOW HITPOINT WARNING * * *
You are too injured to fight recklessly!
You are too injured to fight recklessly!
You are too injured to fight recklessly!
You closely miss the ogre.
The ogre is moderately wounded.
The ogre closely misses you.
You barely miss the ogre.
The ogre is moderately wounded.
You block the ogre's attack.
You hit the ogre.
The ogre is heavily wounded.
The ogre barely misses you.
You slash the ogre!
The ogre is almost dead.
The ogre hits you with a +0 giant spiked club!!
Ouch! That really hurt!
You die...

...............
................
.................
#................
#................
#...............
#.......O......
#.....@.......
##............
##.............
#..............
###...#?..........
#.....##......##.##
###....###.####...#
##........#....#
##............#


You could see an ogre.

Vanquished Creatures
  An iguana (D:4)
  An orc wizard (D:3)
  6 adders
  7 dart slugs
  A ribbon worm (D:3)
  2 orcs (D:3)
  5 endoplasms
  3 giant cockroaches
  4 goblins
  7 hobgoblins
  4 jackals (D:1)
  A quokka (D:1)
  4 ball pythons (D:1)
  2 bats
  8 kobolds
  7 rats
63 creatures vanquished.

Notes
Turn   | Place    | Note
-------+----------+-------------------------------------------
     0 | D:1      | LadyBoffin the Formicid Fighter began the quest for the
                  | Orb.
     0 | D:1      | Reached XP level 1. HP: 18/18 MP: 1/1
    69 | D:1      | Reached XP level 2. HP: 24/24 MP: 2/2
   262 | D:1      | Reached XP level 3. HP: 29/29 MP: 3/3
   697 | D:1      | Found a faded altar of an unknown god.
   966 | D:2      | Reached XP level 4. HP: 34/37 MP: 4/4
  1256 | D:2      | Reached XP level 5. HP: 42/42 MP: 5/5
  1739 | D:3      | Reached skill level 5 in Shields
  1787 | D:3      | Found a stormy altar of Qazlal.
  1943 | D:3      | Found a white marble altar of Elyvilon.
  2131 | D:3      | Found a blossoming altar of Fedhas.
  2426 | D:4      | Noticed an ogre
  2437 | D:4      | Demolished by an ogre

Illustrated notes

Levels and vault maps discovered:
D:1:      dpeg_arrival_boxorama, layout_loops_ring,
          shapermc_ecumenical_altar_totnotflames, minmay_misc_feat_more_columns
D:2:      layout_loops_ring
D:3:      layout_basic, mainiacjoe_overflow_small_starburst, fedhas_altar_2,
          nicolae_elyvilon_temple_path
D:4:      kb_forest_paths, layout_layer_cave, grunt_nemelex_the_gamble

Skill      XL: |  1  2  3  4  5 |
---------------+----------------+-----
Fighting       | 4 |  4.3
Armour         | 4 |  4.4
Long Blades    | 3 |  3.2
Shields        | 5 |  5.2

Action                     |  1- 3 |  4- 6 || total
---------------------------+-------+-------++-------
  Melee: Long sword        |    90 |    96 ||   186
    Use: Scroll            |     1 |     5 ||     6
         Potion            |       |     1 ||     1
 Armour: Scale mail        |    78 |    64 ||   142
  Dodge: Dodged            |    39 |    39 ||    78
  Block: Buckler           |    22 |    15 ||    37

Table legend: (Time is in decaauts)
 A = Elapsed time spent in this place.
 B = Non-inter-level travel time spent in this place.
 C = Inter-level travel time spent in this place.
 D = Time resting spent in this place.
 E = Time spent auto-exploring this place.
 F = Levels seen in this place.
 G = Mean time per level.
                   A        B        C        D        E       F      G
               +--------+--------+--------+--------+--------+-----+--------+
         Total |   2488 |   2359 |    129 |     45 |   1820 |   4 |  622.0 |
       Dungeon |   2488 |   2359 |    129 |     45 |   1820 |   4 |  622.0 |
               +--------+--------+--------+--------+--------+-----+--------+

Top non-repeatable levels by time:
     D:1: 929 daAuts
     D:3: 741 daAuts
     D:2: 638 daAuts
     D:4: 179 daAuts
